 Dungeon Crawl Stone Soup version 0.27.0-1-g7a089689b8 (webtiles) character file.

Game seed: 11510381532525420297

111 ZARRMARR the Bolt Thrower (level 5, 0/30 HPs)
             Began as a Kobold Arcane Marksman on Aug 14, 2021.
             Was an Initiate of Dithmenos.
             Slain by a black bear (2 damage)
             ... on level 4 of the Dungeon.
             The game lasted 00:16:34 (3614 turns).

ZARRMARR the Bolt Thrower (Kobold Arcane Marksman)  Turns: 3614, Time: 00:16:34

Health: 0/30       AC:  2    Str:  8    XL:     5   Next: 15%
Magic:  7/7        EV: 15    Int: 15    God:    Dithmenos [......]
Gold:   164        SH:  0    Dex: 15    Spells: 6/7 levels left

rFire    . . .     SeeInvis .   e - +3 spear (freeze)
rCold    . . .     Faith    .   (shield restricted)
rNeg     + . .     Spirit   .   d - +0 robe
rPois    .         Reflect  .   (no helmet)
rElec    .         Harm     .   (no cloak)
rCorr    .         Rampage  .   (no gloves)
Will     .....                  (no boots)
Stlth    +++.......             (no amulet)
HPRegen  0.10/turn              j - ring of positive energy
MPRegen  0.10/turn              (no ring)

@: no status effects
A: small, no large weapons, nightstalker 3
a: Renounce Religion


You were on level 4 of the Dungeon.
You worshipped Dithmenos.
Dithmenos was noncommittal.
You visited 2 branches of the dungeon, and saw 5 of its levels.

You collected 164 gold pieces.

Inventory:

Hand Weapons
 a - a +0 hand crossbow
 e - a +3 spear of freezing (weapon)
Missiles
 c - 7 bolts
 g - 20 poisoned darts (quivered)
Armour
 d - a +0 robe (worn)
Magical Staves
 f - a staff of fire
Jewellery
 j - a ring of positive energy (left hand)
Scrolls
 h - a scroll of brand weapon
 i - a scroll of amnesia {unknown}
Potions
 b - a potion of flight
 k - a potion of curing


   Skills:
 + Level 2.2 Fighting
 + Level 0.5 Polearms
 + Level 4.2 Crossbows
 + Level 0.1 Throwing
 + Level 2.5 Dodging
 + Level 1.7 Stealth
 + Level 1.5 Spellcasting
 + Level 3.3 Hexes


You had 6 spell levels left.
You knew the following spells:

 Your Spells              Type           Power      Damage    Failure   Level
a - Corona                Hex            12%        N/A       6%          1

Your spell library contained the following spells:

 Spells                   Type           Power      Damage    Failure   Level
 Slow                     Hex            11%        N/A       9%          2
 Inner Flame              Hex/Fire       6%         N/A       34%         3
 Portal Projectile        Hex/Tloc       12%        N/A       34%         3
 Cause Fear               Hex            5%         N/A       50%         4


Dungeon Overview and Level Annotations

Branches:
Dungeon (4/15)             Temple (1/1) D:4

Altars:
Cheibriados
Dithmenos
Elyvilon
Hepliaklqana
Kikubaaqudgha
Nemelex Xobeh
Okawaru
Qazlal
Ru
Uskayaw
Vehumet
Yredelemnul
Zin

Shops:
D:3 (


Innate Abilities, Weirdness & Mutations

You are small and have problems with some larger weapons.
You are completely attuned to the shadows.


Message History

The orc is severely wounded.
The kobold closely misses you. The orc closely misses you.
You hit the orc. You freeze the orc.
You kill the orc!
Dithmenos accepts your kill. The kobold misses you.
The kobold barely misses you.
You hit the kobold. You freeze the kobold.
You kill the kobold!
Dithmenos accepts your kill.
You closely miss the goblin. The goblin hits you with a +0 dagger.
You hit the goblin. You freeze the goblin.
You kill the goblin!
Dithmenos accepts your kill.
You start resting.
A black bear comes into view.
A black bear is nearby!
Reach: e) +3 spear (freeze)
Press: ? - help, Dir - move target, f - black bear
Aim: a black bear (wandering, hasn't noticed you, about 28% to evade your +3 spear of freezing)
You reach to attack!
You completely miss the black bear. You barely miss the black bear.
The black bear bites you. The black bear claws you. x2
You closely miss the black bear. The black bear bites you.
The black bear claws you. x2
* * * LOW HITPOINT WARNING * * *
You hit the black bear. You freeze the black bear.
The black bear is lightly wounded.
The black bear completely misses you. The black bear claws you.
* * * LOW HITPOINT WARNING * * *
The black bear claws you but does no damage.
You barely miss the black bear.
The black bear is lightly wounded.
The black bear closely misses you.
The black bear claws you but does no damage.
The black bear claws you.
* * * LOW HITPOINT WARNING * * *
You hit the black bear. You freeze the black bear.
The black bear is moderately wounded.
The black bear closely misses you. The black bear claws you.
You die...

##### .#### ##...
.#.. ...
.#.#############.#
.#).............@#
...............h>#
.##.#..........).#
.##.#..........)...
.##.#...#...........
...............#.###
........(......#
....#...


You could see a black bear.

Vanquished Creatures
  A gnoll (D:4)
  2 adders (D:2)
  An ufetubus (D:4)
  A worm (D:2)
  2 dart slugs
  2 orcs
  8 endoplasms
  A giant cockroach (D:1)
  4 goblins
  2 hobgoblins (D:1)
  6 jackals
  4 quokkas
  4 ball pythons
  8 bats
  3 frilled lizards
  6 kobolds
  9 rats
  A spectral hobgoblin (D:3)
65 creatures vanquished.

Notes
Turn   | Place    | Note
-------+----------+-------------------------------------------
     0 | D:1      | ZARRMARR the Kobold Arcane Marksman began the quest for the
                  | Orb.
     0 | D:1      | Reached XP level 1. HP: 12/12 MP: 2/2
   132 | D:1      | Reached XP level 2. HP: 16/16 MP: 3/3
   303 | D:1      | Reached skill level 3 in Crossbows
   517 | D:1      | Reached XP level 3. HP: 20/20 MP: 4/4
  1634 | D:2      | Reached XP level 4. HP: 14/26 MP: 6/6
  1863 | D:2      | Reached skill level 4 in Crossbows
  2634 | D:3      | Found Gukinash's Weapon Emporium.
  2676 | D:3      | Found a faded altar of an unknown god.
  2838 | D:3      | Found a hide-covered altar of Uskayaw.
  3211 | D:4      | Found a staircase to the Ecumenical Temple.
  3223 | D:4      | Reached skill level 1 in Stealth
  3223 | D:4      | Reached XP level 5. HP: 20/30 MP: 7/7
  3316 | Temple   | Entered the Ecumenical Temple
  3453 | Temple   | Became a worshipper of Ru the Awakened
  3493 | Temple   | Fell from the grace of Ru
  3493 | Temple   | Became a worshipper of Dithmenos the Shadowed
  3604 | D:4      | Noticed a black bear
  3610 | D:4      | HP: 1/30 [black bear (2)]
  3614 | D:4      | Slain by a black bear

Illustrated notes

Levels and vault maps discovered:
D:1:      lemuel_arrival_room, layout_basic, hex_medium, minmay_tall_x
D:2:      layout_rooms
D:3:      layout_rooms, mainiacjoe_overflow_surrounded_room,
          dreamdust_ecumenical_altar_drowned_temple, serial_shops, shop,
          grunt_decor_one_mirror, hangedman_decor_diamond_cutter
D:4:      layout_basic, minmay_temple_entry_overgrown, chequers_garden
Temple:   regret_index_temple_sphere_string

Skill      XL: |  1  2  3  4 |
---------------+-------------+-----
Crossbows      | 3 4 |  4.2
Fighting       | 2 |  2.2
Stealth        | 1 |  1.7
Polearms       | |  0.5
Throwing       | |  0.1
Dodging        | |  2.5
Spellcasting   | |  1.5
Hexes          | |  3.3

Action                   |  1- 3 |  4- 6 || total
-------------------------+-------+-------++-------
Melee: Spear             |     2 |    90 ||    92
 Fire: Hand crossbow     |    79 |       ||    79
Throw: Dart              |       |     7 ||     7
 Cast: Corona            |     6 |       ||     6
  Use: Scroll            |     2 |     2 ||     4
       Potion            |       |     2 ||     2
 Stab: Sleeping          |       |    14 ||    14
Armor: Robe              |    13 |     8 ||    21
Dodge: Dodged            |    55 |    65 ||   120
